 Dungeon Crawl Stone Soup version 0.30.1-11-g7821555f0a (webtiles) character file.

Game seed: 3897343777752207956

42 Peloso the Trooper (level 3, 0/33 HPs)
             Began as a Minotaur Fighter on Jan 7, 2024.
             Frozen to death by an endoplasm (3 damage)
             ... on level 1 of the Dungeon.
             The game lasted 00:01:37 (549 turns).

Peloso the Trooper (Minotaur Fighter)                Turns: 549, Time: 00:01:38

Health: 0/33       AC:  7    Str: 19 (20) XL:     3   Next: 35%
Magic:  2/2        EV:  9    Int:  4 (5)  God:
Gold:   16         SH:  4    Dex: 10 (11) Spells: 2/2 levels left

rFire   . . .        a - +0 long sword
rCold   . . .        c - +0 buckler
rNeg    . . .        b - +0 scale mail
rPois   .            (helmet restricted)
rElec   .            (no cloak)
rCorr   .            (no gloves)
SInv    .            (no boots)
Will    .....        (no amulet) Stlth
                     (no ring)
HPRegen 0.25/turn    (no ring)
MPRegen 0.08/turn

%: no passive effects
@: flying
A: horns 2, retaliatory headbutt
a: no special abilities


You were on level 1 of the Dungeon.
You visited 1 branch of the dungeon, and saw 1 of its levels.

You collected 16 gold pieces.

Inventory:

Hand Weapons
 a - a +0 long sword (weapon)
Armour
 b - a +0 scale mail (worn)
 c - a +0 buckler (worn)
Scrolls
 e - 2 scrolls of teleportation {unknown}
 g - a scroll of amnesia {unknown}
 i - 3 scrolls of noise {unknown}
Potions
 d - a potion of might


   Skills:
 + Level 4.1 Fighting
 + Level 3.3 Long Blades
 + Level 4.0 Armour
 + Level 4.1 Shields


You had 2 spell levels left.
You didn't know any spells.
Your spell library contained the following spells:

 Spells                   Type           Power      Damage    Failure   Level
 Dazzling Flash           Conj/Hex       0%         N/A       99%         3
 Volatile Blastmotes      Fire/Tloc      0%         2d10      99%         3
 Iskenderun's Mystic Bla  Conj/Tloc      0%         2d3       100%        4
 Starburst                Conj/Fire      0%         6d3       100%        6


Dungeon Overview and Level Annotations

Branches:
Dungeon (1/15)

Altars:


Innate Abilities, Weirdness & Mutations

You have a pair of horns on your head.
You reflexively headbutt those who attack you in melee.


Message History

The hobgoblin attacks as you move away! The hobgoblin hits you.
* * * LOW HITPOINT WARNING * * *
The quokka bites you but does no damage. x2
The hobgoblin attacks as you move away!
The hobgoblin hits you but does no damage.
The quokka bites you but does no damage.
It was a potion of flight.
You feel very buoyant.
You fly up into the air.
You block the quokka's attack.
It was a potion of degeneration.
There was something very wrong with that liquid.
You feel weakened.
You feel dopey.
You feel clumsy. The quokka closely misses you.
You hit the quokka. Your headbutt misses the quokka.
The quokka is heavily wounded.
The quokka bites you but does no damage.
The quokka closely misses you.
You barely miss the quokka. Your headbutt misses the quokka.
The quokka is heavily wounded.
The quokka closely misses you. You furiously retaliate!
You headbutt the quokka!
You kill the quokka!
The hobgoblin barely misses you.
You slash the hobgoblin!
You kill the hobgoblin!
The endoplasm freezes you.
You are frozen.
* * * LOW HITPOINT WARNING * * *
Unknown command.
You hit the endoplasm.
The endoplasm is lightly wounded.
The endoplasm freezes you.
You are frozen.
* * * LOW HITPOINT WARNING * * *
The endoplasm hits you but does no damage.
You hit the endoplasm. Your headbutt misses the endoplasm.
The endoplasm is moderately wounded.
The endoplasm freezes you.
You are frozen.
You die...

......#.#...## #.##....###.#.
†.....# ###.# #.###...# #.#.
......# .# #.###...# #.#. ......#
#########.......# #.#. ......#
#.....###.#.### #.## .#....#
#.###.# #.....# #... .##...#
######.# #.# #.#.#.# #### #####.#
#......###.###.#.#.######
≈≈###'###.....#.@..##........#.†(
≈≈≈#..........#J#####..#.#.#.#.##
≈≈≈#................#....#.#.....
≈≈≈#.........##....)...........##
≈≈≈##+######'##.....###[##.#†....
≈≈≈# #...†........# #........##
≈≈###+##........#...###.##.....#
###...............###.........###
.......)#########.###.#..........


You could see an endoplasm.

Vanquished Creatures
  2 dart slugs (D:1)
  5 endoplasms (D:1)
  8 goblins (D:1)
  2 hobgoblins (D:1)
  4 kobolds (D:1)
  4 quokkas (D:1)
  3 ball pythons (D:1)
  A bat (D:1)
  A frilled lizard (D:1)
  4 rats (D:1)
34 creatures vanquished.

Notes
Turn   | Place    | Note
-------+----------+-------------------------------------------
     0 | D:1      | Peloso the Minotaur Fighter began the quest for the Orb.
     0 | D:1      | Reached XP level 1. HP: 19/19 MP: 0/0
    91 | D:1      | Reached XP level 2. HP: 17/27 MP: 1/1
   314 | D:1      | Reached XP level 3. HP: 31/33 MP: 2/2
   549 | D:1      | Frozen to death by an endoplasm

Illustrated notes

Levels and vault maps discovered:
D:1:      tekkud_arrival_beachfront_property, layout_basic,
          chequers_mini_garden, minmay_misc_feat_x, kennysheep_flooded_box,
          minmay_distorted

Skill      XL: |  1  2  3 |
---------------+----------+-----
Shields        | 4 |  4.1
Fighting       | 4 |  4.1
Long Blades    | 3 |  3.3
Armour         | 4 |  4.0

Action                     || total
---------------------------++-------
  Melee: Long sword        ||    74
         Headbutt          ||     7
    Use: Potion            ||     2
 Armour: Scale mail        ||    51
  Dodge: Dodged            ||    52
  Block: Buckler           ||    20
